TOP OF THE 1ST |
Miami Beach Marlins batting - Pitching for Houston Colt .45's : LHP Joey Callanta
|
Pitching: LHP Joey Callanta
|
|
Batting: RHB Rafael Irizarry
|
0-0: Called Strike 0-1: Ball 1-1: Fly out, F8 (Flyball, 8RD, EV 85.0 MPH)
|
Batting: RHB Alberto Bravo
|
0-0: Fly out, F3 (Popup, 3F, EV 63.8 MPH)
|
Batting: SHB Jordan Barragan
|
0-0: Ball 1-0: Ball 2-0: Ball 3-0: Called Strike 3-1: Swinging Strike 3-2: Fly out, F7 (Line Drive, 7LS, EV 91.9 MPH)
|
Top of the 1st over - 0 runs, 0 hits, 0 errors, 0 left on base; Miami Beach 0 - Houston 0 |
BOTTOM OF THE 1ST |
Houston Colt .45's batting - Pitching for Miami Beach Marlins : RHP Leon Valle
|
Pitching: RHP Leon Valle
|
|
Batting: RHB Daniel Pena
|
0-0: Ball 1-0: Foul Ball, location: 2F 1-1: Ball 2-1: Ball 3-1: Called Strike 3-2: Foul Ball, location: 2F 3-2: Foul Ball, location: 2F 3-2: Base on Balls
|
Batting: LHB Bruce Arvizu
|
0-0: Ball Daniel Pena is caught stealing 2nd base 2-6 1-0: Called Strike 1-1: Ball 2-1: Ground out 4-3 (Groundball, 4S, EV 70.6 MPH)
|
Batting: RHB Jason Monico
|
0-0: Ball 1-0: Ball 2-0: Called Strike 2-1: Ground out 6-3 (Groundball, 6M, EV 88.8 MPH)
|
Bottom of the 1st over - 0 runs, 0 hits, 0 errors, 0 left on base; Miami Beach 0 - Houston 0 |
TOP OF THE 2ND |
Miami Beach Marlins batting - Pitching for Houston Colt .45's : LHP Joey Callanta
|
Batting: RHB Jordan Arcidez
|
0-0: Called Strike 0-1: Foul Ball, location: 2F 0-2: Ball 1-2: Ball 2-2: Strikes out swinging
|
Batting: LHB Dong-u Chang
|
0-0: Ball 1-0: Called Strike 1-1: Called Strike 1-2: Strikes out looking
|
Batting: RHB Reomel Somera
|
0-0: Ball 1-0: Ball 2-0: Called Strike 2-1: Foul Ball, location: 2F 2-2: Foul Ball, location: 2F 2-2: Foul Ball, location: 2F 2-2: Ball 3-2: Base on Balls
|
Batting: RHB Manny Gonzalez
|
0-0: Ball Passed Ball! Reomel Somera to second 1-0: Ground out 5-3 (Groundball, 5, EV 86.9 MPH)
|
Top of the 2nd over - 0 runs, 0 hits, 0 errors, 1 left on base; Miami Beach 0 - Houston 0 |
BOTTOM OF THE 2ND |
Houston Colt .45's batting - Pitching for Miami Beach Marlins : RHP Leon Valle
|
Batting: RHB Jarno van Lente
|
0-0: Called Strike 0-1: SINGLE (Line Drive, 89S, EV 86.2 MPH)
|
Batting: LHB Bob Govella
|
0-0: Ball 1-0: Called Strike 1-1: Foul Ball, location: 2F 1-2: Foul Ball, location: 2F 1-2: Strikes out swinging
|
Batting: SHB Terciero Ortiz
|
0-0: Ball Jarno van Lente steals 2nd base 1-0: SINGLE (Line Drive, 4MD, EV 98.1 MPH) Jarno van Lente to third Runner from 3rd tries for Home, SAFE, throw by CF to home
|
Batting: RHB John Moore
|
0-0: Ball 1-0: Foul Ball, location: 2F 1-1: Ball 2-1: Called Strike 2-2: Fly out, F7 (Flyball, 7D, EV 98.8 MPH)
|
Batting: LHB Ryan Fridley
|
0-0: Ball 1-0: Called Strike 1-1: Called Strike 1-2: Ball 2-2: Fly out, F7 (Flyball, 7, EV 83.8 MPH)
|
Bottom of the 2nd over - 1 run, 2 hits, 0 errors, 1 left on base; Miami Beach 0 - Houston 1 |
TOP OF THE 3RD |
Miami Beach Marlins batting - Pitching for Houston Colt .45's : LHP Joey Callanta
|
Batting: RHB Clark Meagher
|
0-0: Ball 1-0: Ball 2-0: Ball 3-0: Base on Balls
|
Batting: RHB Melvin Nava
|
0-0: Ball 1-0: Foul Ball, location: 2F 1-1: Swinging Strike 1-2: Ball 2-2: Strikes out swinging
|
Batting: RHB Rafael Irizarry
|
0-0: Ball 1-0: Ball 2-0: Foul Ball, location: 2F 2-1: Fly out, F7 (Line Drive, 7, EV 106.9 MPH)
|
Batting: RHB Alberto Bravo
|
0-0: Called Strike 0-1: Ball 1-1: Fly out, F9 (Flyball, 9D, EV 88.1 MPH)
|
Top of the 3rd over - 0 runs, 0 hits, 0 errors, 1 left on base; Miami Beach 0 - Houston 1 |
BOTTOM OF THE 3RD |
Houston Colt .45's batting - Pitching for Miami Beach Marlins : RHP Leon Valle
|
Batting: RHB Patrick Pinault
|
0-0: Ball 1-0: SINGLE (Flyball, 9LS, EV 86.2 MPH)
|
Batting: RHB Daniel Pena
|
0-0: Called Strike Patrick Pinault is caught stealing 2nd base 2-4 0-1: Ball 1-1: Ball 2-1: Ball 3-1: Ground out 1-3 (Groundball, 13S, EV 63.8 MPH)
|
Batting: LHB Bruce Arvizu
|
0-0: Ball 1-0: Swinging Strike 1-1: Foul Ball, location: 2F 1-2: Foul Ball, location: 2F 1-2: Strikes out swinging, 2-3 out at first.
|
Bottom of the 3rd over - 0 runs, 1 hit, 0 errors, 0 left on base; Miami Beach 0 - Houston 1 |
TOP OF THE 4TH |
Miami Beach Marlins batting - Pitching for Houston Colt .45's : LHP Joey Callanta
|
Batting: SHB Jordan Barragan
|
0-0: Called Strike 0-1: Ball 1-1: Ball 2-1: SOLO HOME RUN (Flyball, 7D, EV 100.0 MPH), Distance : 386 ft
|
Batting: RHB Jordan Arcidez
|
0-0: Ball 1-0: Called Strike 1-1: Fly out, F3 (Popup, 3L, EV 60.0 MPH)
|
Batting: LHB Dong-u Chang
|
0-0: Called Strike 0-1: Called Strike 0-2: Ball 1-2: Ball 2-2: Foul Ball, location: 2F 2-2: Ball 3-2: Foul Ball, location: 2F 3-2: Base on Balls
|
Batting: RHB Reomel Somera
|
0-0: Ball 1-0: Called Strike Dong-u Chang steals 2nd base 1-1: Called Strike 1-2: Foul Ball, location: 2F 1-2: Ball 2-2: Strikes out swinging
|
Batting: RHB Manny Gonzalez
|
0-0: Fly out, F9 (Flyball, 9, EV 75.0 MPH)
|
Top of the 4th over - 1 run, 1 hit, 0 errors, 1 left on base; Miami Beach 1 - Houston 1 |
BOTTOM OF THE 4TH |
Houston Colt .45's batting - Pitching for Miami Beach Marlins : RHP Leon Valle
|
Batting: RHB Jason Monico
|
0-0: Ball 1-0: Ball 2-0: SOLO HOME RUN (Flyball, 7LD, EV 95.6 MPH), Distance : 360 ft
|
Batting: RHB Jarno van Lente
|
0-0: Ball 1-0: Called Strike 1-1: Ball 2-1: Called Strike 2-2: Foul Ball, location: 2F 2-2: Foul Ball, location: 2F 2-2: Ground out 5-3 (Groundball, 56S, EV 93.1 MPH)
|
Batting: LHB Bob Govella
|
0-0: Called Strike 0-1: Called Strike 0-2: Foul Ball, location: 2F 0-2: Ball 1-2: Ball 2-2: Foul Ball, location: 2F 2-2: Ball 3-2: Foul Ball, location: 2F 3-2: Strikes out swinging
|
Batting: SHB Terciero Ortiz
|
0-0: Ball 1-0: Foul Ball, location: 2F 1-1: Ball 2-1: Ground out 5-3 (Groundball, 56S, EV 81.9 MPH)
|
Bottom of the 4th over - 1 run, 1 hit, 0 errors, 0 left on base; Miami Beach 1 - Houston 2 |
TOP OF THE 5TH |
Miami Beach Marlins batting - Pitching for Houston Colt .45's : LHP Joey Callanta
|
Batting: RHB Clark Meagher
|
0-0: Ball 1-0: Ball 2-0: Called Strike 2-1: SOLO HOME RUN (Flyball, 78XD, EV 105.6 MPH), Distance : 418 ft
|
Batting: RHB Melvin Nava
|
0-0: SINGLE (Groundball, 56D, EV 97.5 MPH)
|
Batting: RHB Rafael Irizarry
|
0-0: Called Strike 0-1: SINGLE (Flyball, 7LS, EV 91.9 MPH) Melvin Nava to second
|
Batting: RHB Alberto Bravo
|
0-0: Called Strike 0-1: Called Strike 0-2: Ball 1-2: Ball 2-2: Strikes out looking
|
Batting: SHB Jordan Barragan
|
0-0: Called Strike 0-1: Foul Ball, location: 2F 0-2: Ball Wild Pitch! Melvin Nava to third Rafael Irizarry to second 1-2: Ball 2-2: Foul Ball, location: 2F 2-2: Ball 3-2: Foul Ball, location: 2F 3-2: Ground out 6-3 (Groundball, 6, EV 103.8 MPH) Melvin Nava scores
|
Batting: RHB Jordan Arcidez
|
0-0: Called Strike Rafael Irizarry steals 3rd base (no throw) 0-1: Fly out, F9 (Flyball, 9, EV 93.1 MPH)
|
Top of the 5th over - 2 runs, 3 hits, 0 errors, 1 left on base; Miami Beach 3 - Houston 2 |
BOTTOM OF THE 5TH |
Houston Colt .45's batting - Pitching for Miami Beach Marlins : RHP Leon Valle
|
Batting: RHB John Moore
|
0-0: Called Strike 0-1: Ball 1-1: Ground out 5-3 (Groundball, 56S, EV 80.6 MPH)
|
Batting: LHB Ryan Fridley
|
0-0: Ball 1-0: Called Strike 1-1: Ground out 5-3 (Groundball, 56, EV 90.6 MPH)
|
Batting: RHB Patrick Pinault
|
0-0: Called Strike 0-1: Ball 1-1: Ball 2-1: Called Strike 2-2: Strikes out swinging, 2-3 out at first.
|
Bottom of the 5th over - 0 runs, 0 hits, 0 errors, 0 left on base; Miami Beach 3 - Houston 2 |
TOP OF THE 6TH |
Miami Beach Marlins batting - Pitching for Houston Colt .45's : LHP Joey Callanta
|
Batting: LHB Dong-u Chang
|
0-0: Ball 1-0: Swinging Strike 1-1: Ball 2-1: Ball 3-1: Base on Balls
|
Batting: RHB Reomel Somera
|
0-0: Ball 1-0: Ball 2-0: Ball 3-0: Base on Balls Dong-u Chang to second
|
Batting: RHB Manny Gonzalez
|
0-0: Fly out, F7 (Flyball, 78S, EV 93.8 MPH)
|
Batting: RHB Clark Meagher
|
0-0: Ball 1-0: Foul Ball, location: 2F 1-1: Foul Ball, location: 2F 1-2: Foul Ball, location: 2F 1-2: Ball 2-2: Foul Ball, location: 2F 2-2: Ball 3-2: Strikes out swinging
|
Pitching: RHP Vinny Salazar
|
|
Batting: RHB Melvin Nava
|
0-0: DOUBLE (Line Drive, 8RD, EV 111.9 MPH) Dong-u Chang scores Reomel Somera to third Runner from 3rd tries for Home, SAFE, throw by RF to home
|
Batting: RHB Rafael Irizarry
|
0-0: Foul Ball, location: 2F 0-1: Ball 1-1: Foul Ball, location: 2F 1-2: Ball 2-2: Foul Ball, location: 2F 2-2: Strikes out swinging
|
Top of the 6th over - 2 runs, 1 hit, 0 errors, 1 left on base; Miami Beach 5 - Houston 2 |
BOTTOM OF THE 6TH |
Houston Colt .45's batting - Pitching for Miami Beach Marlins : RHP Leon Valle
|
Batting: RHB Daniel Pena
|
0-0: Called Strike 0-1: Ball 1-1: Ball 2-1: Ball 3-1: Foul Ball, location: 2F 3-2: Base on Balls
|
Batting: LHB Bruce Arvizu
|
0-0: Called Strike 0-1: Ball 1-1: Called Strike 1-2: Ball 2-2: Ball 3-2: Foul Ball, location: 2F 3-2: Strikes out swinging
|
Batting: RHB Jason Monico
|
0-0: Ball 1-0: Ball 2-0: Called Strike 2-1: Foul Ball, location: 2F 2-2: Ball 3-2: Foul Ball, location: 2F 3-2: Fly out, F2 (Popup, 25F, EV 81.2 MPH)
|
Batting: RHB Jarno van Lente
|
0-0: Swinging Strike 0-1: Ball 1-1: Foul Ball, location: 2F 1-2: Foul Ball, location: 2F 1-2: Strikes out swinging
|
Bottom of the 6th over - 0 runs, 0 hits, 0 errors, 1 left on base; Miami Beach 5 - Houston 2 |
TOP OF THE 7TH |
Miami Beach Marlins batting - Pitching for Houston Colt .45's : RHP Vinny Salazar
|
Batting: RHB Alberto Bravo
|
0-0: Called Strike 0-1: Ball 1-1: Fly out, F8 (Flyball, 8RD, EV 72.5 MPH)
|
Batting: SHB Jordan Barragan
|
0-0: Foul Ball, location: 2F 0-1: Ball 1-1: Foul Ball, location: 2F 1-2: Ball 2-2: Foul Ball, location: 2F 2-2: Fly out, F9 (Flyball, 9S, EV 76.9 MPH)
|
Batting: RHB Jordan Arcidez
|
0-0: Called Strike 0-1: Ball 1-1: Swinging Strike 1-2: Foul Ball, location: 2F 1-2: Ball 2-2: Ball 3-2: Foul Ball, location: 2F 3-2: Reached on error, E8 (Flyball, BS3, EV 107.5 MPH)
|
Pitching: RHP Andy Harrigan
|
|
Batting: LHB Dong-u Chang
|
0-0: Ball 1-0: Foul Ball, location: 2F 1-1: Ball 2-1: Fly out, F5 (Popup, 5SF, EV 77.5 MPH)
|
Top of the 7th over - 0 runs, 0 hits, 1 error, 1 left on base; Miami Beach 5 - Houston 2 |
BOTTOM OF THE 7TH |
Houston Colt .45's batting - Pitching for Miami Beach Marlins : RHP Leon Valle
|
Pitching: RHP Jeremy Akande
|
|
Batting: LHB Bob Govella
|
0-0: Fly out, F6 (Line Drive, 6, EV 67.5 MPH)
|
Batting: SHB Terciero Ortiz
|
0-0: Ball 1-0: Ball 2-0: Fly out, F7 (Flyball, 7, EV 96.2 MPH)
|
Batting: RHB John Moore
|
0-0: Called Strike 0-1: Ball 1-1: Ball 2-1: Fly out, F9 (Flyball, 9S, EV 89.4 MPH)
|
Bottom of the 7th over - 0 runs, 0 hits, 0 errors, 0 left on base; Miami Beach 5 - Houston 2 |
TOP OF THE 8TH |
Miami Beach Marlins batting - Pitching for Houston Colt .45's : RHP Andy Harrigan
|
Batting: RHB Reomel Somera
|
0-0: Ball 1-0: Foul Ball, location: 2F 1-1: SINGLE (Line Drive, 89S, EV 95.0 MPH)
|
Batting: RHB Manny Gonzalez
|
0-0: Called Strike 0-1: Ball 1-1: Ball 2-1: Called Strike 2-2: Ball 3-2: Base on Balls Reomel Somera to second
|
Batting: RHB Clark Meagher
|
0-0: Ball 1-0: Ball 2-0: Swinging Strike 2-1: Ball 3-1: Swinging Strike 3-2: Strikes out looking
|
Pitching: LHP Bernard Grose
|
|
Batting: RHB Melvin Nava
|
0-0: Fielders Choice at 2nd, 1-6 (Groundball, 13S, EV 67.5 MPH) Reomel Somera to third
|
Batting: RHB Rafael Irizarry
|
0-0: Ball 1-0: Foul Ball, location: 2F 1-1: Called Strike 1-2: Ball 2-2: Ball 3-2: Strikes out looking
|
Top of the 8th over - 0 runs, 1 hit, 0 errors, 2 left on base; Miami Beach 5 - Houston 2 |
BOTTOM OF THE 8TH |
Houston Colt .45's batting - Pitching for Miami Beach Marlins : RHP Jeremy Akande
|
Batting: LHB Ryan Fridley
|
0-0: Swinging Strike 0-1: Ball 1-1: Ball 2-1: Swinging Strike 2-2: Strikes out swinging
|
Batting: RHB Patrick Pinault
|
0-0: Called Strike 0-1: Called Strike 0-2: Strikes out swinging
|
Batting: RHB Daniel Pena
|
0-0: Foul Ball, location: 2F 0-1: Swinging Strike 0-2: Ground out 3-1 (Groundball, 34, EV 110.6 MPH)
|
Bottom of the 8th over - 0 runs, 0 hits, 0 errors, 0 left on base; Miami Beach 5 - Houston 2 |
TOP OF THE 9TH |
Miami Beach Marlins batting - Pitching for Houston Colt .45's : LHP Bernard Grose
|
Batting: RHB Alberto Bravo
|
0-0: Ball 1-0: Called Strike 1-1: Ball 2-1: Ball 3-1: Called Strike 3-2: Foul Ball, location: 2F 3-2: Foul Ball, location: 2F 3-2: Base on Balls
|
Batting: SHB Jordan Barragan
|
0-0: Ball 1-0: Ball 2-0: Swinging Strike 2-1: Foul Ball, location: 2F 2-2: Ball 3-2: Strikes out looking
|
Pitching: RHP Muckle Wildriver
|
|
Batting: RHB Jordan Arcidez
|
0-0: Called Strike 0-1: Ball 1-1: Ball 2-1: Foul Ball, location: 2F 2-2: Strikes out swinging
|
Batting: LHB Dong-u Chang
|
0-0: Foul Ball, location: 2F 0-1: Foul Ball, location: 2F 0-2: Foul Ball, location: 2F 0-2: Strikes out looking
|
Top of the 9th over - 0 runs, 0 hits, 0 errors, 1 left on base; Miami Beach 5 - Houston 2 |
BOTTOM OF THE 9TH |
Houston Colt .45's batting - Pitching for Miami Beach Marlins : RHP Jeremy Akande
|
Pitching: LHP Hideo Komatsu
|
|
Batting: LHB Bruce Arvizu
|
0-0: Foul Ball, location: 2F 0-1: Foul Ball, location: 2F 0-2: Strikes out looking
|
Batting: RHB Jason Monico
|
0-0: Called Strike 0-1: Ball 1-1: Swinging Strike 1-2: Strikes out swinging
|
Batting: RHB Jarno van Lente
|
0-0: Called Strike 0-1: Called Strike 0-2: Foul Ball, location: 2F 0-2: Ball 1-2: Ball 2-2: Ball 3-2: Ground out 5-3 (Groundball, 56, EV 97.5 MPH)
|
Bottom of the 9th over - 0 runs, 0 hits, 0 errors, 0 left on base; Miami Beach 5 - Houston 2 |
|